 Dungeon Crawl Stone Soup version 0.24-a0-218-ga595e75 (console) character file.

Game seed: 3121471424211710552

30 bli the Sneak (level 3, -1/25 HPs)
             Began as an Octopode Wanderer on Mar 30, 2019.
             Slain by an adder (2 damage)
             ... on level 2 of the Dungeon.
             The game lasted 00:02:48 (781 turns).

bli the Sneak (Octopode Wanderer)                    Turns: 781, Time: 00:02:49

Health: -1/25      AC:  1    Str: 11    XL:     3   Next: 20%
Magic:  3/3        EV: 12    Int: 13    God:
Gold:   50         SH:  0    Dex: 13    Spells: 2/2 levels left

rFire    . . .     SeeInvis .   b - +0 dagger
rCold    . . .     Gourm    .   (no shield)
rNeg     . . .     Faith    .   (helmet restricted)
rPois    .         Spirit   .   (no amulet)
rElec    .         Reflect  .   (no ring)
rCorr    .         Harm     .   (no ring)
MR       .....                  (no ring)
Stlth    ++++......             (no ring)
HPRegen  0.08/turn              (no ring)
MPRegen  0.08/turn              (no ring)
                                (no ring)
                                (no ring)

@: no status effects
A: almost no armour, stealthy swim, amphibious, 8 rings, constrict 8, camouflage
1, gelatinous body 1
a: no special abilities


You were on level 2 of the Dungeon.
You were not hungry.

You visited 1 branch of the dungeon, and saw 2 of its levels.

You collected 50 gold pieces.

Inventory:

Hand Weapons
 a - a +2 blowgun
 b - a +0 dagger (weapon)
 c - a +0 short sword
Missiles
 l - 43 stones (quivered)
Scrolls
 g - a scroll of magic mapping {unknown}
 j - a scroll of identify {unknown}
 k - 2 scrolls of enchant weapon {unknown}
Potions
 d - a potion of curing
 i - a potion of agility {unknown}
Comestibles
 f - 3 rations
 h - 7 chunks of flesh


   Skills:
 * Level 2.6 Fighting
 + Level 1.1 Short Blades
 - Level 1.0 Throwing
 * Level 0.8 Dodging
 + Level 4.9 Stealth
   Level 3.6 Poison Magic


You had 2 spell levels left.
You didn't know any spells.
Your spell library was empty.

Dungeon Overview and Level Annotations

Branches:
Dungeon (2/15)

Altars:

Annotations:
D:2 Terence


Innate Abilities, Weirdness & Mutations

You cannot wear most types of armour.
You are very stealthy in the water. (Stealth+)
You are amphibious.
You can wear up to eight rings at the same time.
You can use your tentacles to constrict eight enemies at once.
Your skin changes colour to match your surroundings (Stealth+).
Your rubbery body absorbs attacks. (AC +1, EV +1)


Message History

The bat barely misses you. The bat hits you.
You barely miss Terence. You grab Terence.
Terence is moderately wounded.
You constrict Terence, but do no damage.
The bat completely misses you. The bat hits you but does no damage.
You hit Terence. You squeeze Terence, but do no damage.
Terence is moderately wounded.
You constrict Terence, but do no damage.
The bat hits you but does no damage. Terence looks scornfully at you.
Terence hits you with a +0 flail!
* * * LOW HITPOINT WARNING * * *
You hit Terence but do no damage. You squeeze Terence, but do no damage.
Terence is moderately wounded.
You constrict Terence. The bat barely misses you. The adder closely misses you.
Terence barely misses you.
You release your grip on Terence.
You hit the bat.
You kill the bat!
The adder bites you.
You die...

#### .# ..###.#
##.#...# .#
#......#..#
####.........#
#....><..#
#........#
#........#
#..(.....##
#...........
#.S@...##....
#.......+....
.......@.....#....
.............# ..
........#....#
........#.####
<.......#.#
......(.#..
######### #


You could see Terence and an adder.

Vanquished Creatures
  A gnoll (D:1)
  A worm (D:2)
  A dart slug (D:1)
  A leopard gecko (D:1)
  A giant cockroach (D:1)
  2 goblins (D:1)
  3 hobgoblins (D:1)
  2 bats
  A frilled lizard (D:1)
  3 rats (D:1)
16 creatures vanquished.

Notes
Turn   | Place    | Note
-------+----------+-------------------------------------------
     0 | D:1      | bli the Octopode Wanderer began the quest for the Orb.
     0 | D:1      | bli set off with the following items: a +2 blowgun, 3
                  | curare-tipped needles, a +0 short sword, a potion of
                  | curing, a +0 dagger, a ration
     0 | D:1      | Reached XP level 1. HP: 14/14 MP: 1/1
   159 | D:1      | Reached XP level 2. HP: 18/19 MP: 2/2
   599 | D:1      | Reached XP level 3. HP: 25/25 MP: 3/3
   686 | D:2      | Noticed Terence
   778 | D:2      | HP: 1/25 [Terence/+0 flail (10)]
   781 | D:2      | Slain by an adder

Levels and vault maps discovered:
D:1:      dpeg_arrival_leaves_temple_mockup, layout_basic, grunt_decor_fettered
D:2:      layout_basic, chequers_ecumenical_altar_lobes, uniq_terence

Action                   || total
-------------------------++-------
Melee: Dagger            ||    29
       Constrict         ||     8
       Tentacles         ||     7
 Fire: Blowgun           ||     3
Throw: Stone             ||     2
 Stab: Sleeping          ||     7
Armor: Skin              ||     6
Dodge: Dodged            ||    26

Table legend:
 A = Non-vault XP
 B = Vault XP
 C = Vault XP percentage of total XP
 D = Non-vault monster count
 E = Vault monster count
 F = Vault count percentage of total count
                 A         B        C        D         E       F
            +---------+---------+-------+---------+---------+-------
      Total |      44 |       0 |   0.0 |      16 |       0 |   0.0
            +---------+---------+-------+---------+---------+-------
        D:1 |      38 |       0 |   0.0 |      14 |       0 |   0.0
        D:2 |       6 |       0 |   0.0 |       2 |       0 |   0.0
            +---------+---------+-------+---------+---------+-------
